 Dungeon Crawl Stone Soup version 0.19-a0-593-gf2cdb02 (webtiles) character file.

234 Kidiri the Magician (level 5, -1/28 HPs)
             Began as a Deep Elf Air Elementalist on June 10, 2016.
             Slain by a hound (4 damage)
             ... on level 3 of the Dungeon.
             The game lasted 00:08:31 (3130 turns).

Kidiri the Magician (Deep Elf Air Elementalist)     Turns: 3130, Time: 00:08:32

Health: -1/28      AC:  3    Str:  5    XL:     5   Next: 75%
Magic:  6/14       EV: 13    Int: 21    God:
Gold:   71         SH:  0    Dex: 15    Spells: 5 memorised, 1 level left

rFire  . . .     SeeInvis .     r - +2 dagger (venom)
rCold  . . .     Gourm    .     a - +0 robe
rNeg   . . .     Faith    .     (no shield)
rPois  .         Spirit   .     m - +0 helmet
rElec  .         Dismiss  .     (no cloak)
rCorr  .         Reflect  .     (no gloves)
SustAt .         Harm     .     (no boots)
MR     .....                    (no amulet)
Stlth  ++........               (no ring)
                                (no ring)

@: repel missiles, not resistant to hostile enchantments, unstealthy
A: no striking features
a: no special abilities


You were on level 3 of the Dungeon.
You were not hungry.

You visited 1 branch of the dungeon, and saw 3 of its levels.

You collected 71 gold pieces.

Inventory:

Hand Weapons
 r - a +2 dagger of venom (weapon)
Armour
 a - a +0 robe (worn)
 k - a +0 buckler
 m - a +0 helmet (worn)
Scrolls
 g - a scroll of amnesia {unknown}
 n - 2 scrolls of remove curse
 o - a scroll of fear
 p - a scroll of magic mapping {unknown}
Potions
 d - a potion of curing
 i - a potion of might
 q - a potion of flight {unknown}
Books
 b - a book of Air

   Spells                             Type                      Level
   a - Shock                          Conjuration/Air              1
   b - Swiftness                      Charms/Air                   2
   c - Repel Missiles                 Charms/Air                   2
   d - Static Discharge               Conjuration/Air              3
   e - Lightning Bolt                 Conjuration/Air              5
Comestibles
 c - 2 bread rations
 f - 3 fruits
 h - 4 meat rations
 j - 2 slices of pizza
 l - a chunk of flesh


   Skills:
 - Level 2.4 Dodging
 - Level 2.4 Stealth
 * Level 5.1 Spellcasting
 * Level 3.5 Conjurations
 * Level 4.6 Air Magic


You had one spell level left.
You knew the following spells:

 Your Spells              Type           Power        Failure   Level  Hunger
a - Shock                 Conj/Air       ###.         1%          1    None
b - Repel Missiles        Chrm/Air       ###...       8%          2    None
c - Swiftness             Chrm/Air       ###.....     8%          2    None
d - Static Discharge      Conj/Air       ###.....     10%         3    ##.....
e - Lightning Bolt        Conj/Air       ###.......   67%         5    #####..


Dungeon Overview and Level Annotations

Branches:
Dungeon (3/15)

Altars:


Message History

You kill the gnoll!
The zap misses the gnoll.
The zap hits the gnoll.
The gnoll is moderately wounded.
The hound bites you.
* * * LOW HITPOINT WARNING * * *
Casting: Shock
Confirm with . or Enter, or press ? or * to list all spells.
Aiming: Shock
Press: ? - help, Shift-Dir - straight line, f/p - hound
Aim: a hound (almost dead)
The zap hits the hound.
The hound is almost dead.
The zap hits the gnoll.
You kill the gnoll!
The zap hits the gnoll.
The gnoll is heavily wounded.
The hound bites you.
* * * LOW HITPOINT WARNING * * *
The hound bites you.
You die...

..# #.# #.# #.# #.# #.#
#.# #.# #.# #.# #.# #.#.
# #.# #.# #.# #.#. #.#.#
#.# #.# #รท##
#####.#.###.#####.# #...
................#.###.##
####.#.#######........#
#@# #..####... #h###
#...# #... #)#.#.# #.#.#
#... #)....# #.#.# #.(#
#.#.### #.#.# #..# #g#+#
#.#.###... #).
#.#.)##.## #...
#.##.##.# ..... #.
#.##.#


You could see a hound and a gnoll.

Vanquished Creatures
  The ghost of George the Slasher, an amateur DsGl (D:3)
  3 gnolls (D:3)
  5 adders
  2 oozes (D:2)
  A worm (D:2)
  A dart slug (D:2)
  A giant gecko (D:2)
  A ball python (D:3)
  9 bats
  4 giant cockroaches
  9 goblins
  6 hobgoblins
  4 jackals (D:2)
  A quokka (D:2)
  4 giant newts
  11 kobolds
  6 rats
69 creatures vanquished.

Notes
Turn   | Place    | Note
--------------------------------------------------------------
     0 | D:1      | Kidiri the Deep Elf Air Elementalist began the quest for the Orb.
     0 | D:1      | Reached XP level 1. HP: 10/10 MP: 6/6
   245 | D:1      | Reached XP level 2. HP: 9/15 MP: 6/8
   358 | D:1      | Learned a level 2 spell: Repel Missiles
   361 | D:1      | Learned a level 2 spell: Swiftness
  1484 | D:2      | Reached XP level 3. HP: 19/19 MP: 5/10
  1489 | D:2      | Learned a level 3 spell: Static Discharge
  1911 | D:2      | Reached skill level 4 in Spellcasting
  2127 | D:2      | Reached XP level 4. HP: 24/24 MP: 7/12
  2772 | D:3      | Noticed George's ghost (amateur DsGl)
  2803 | D:3      | Killed George's ghost
  2803 | D:3      | Reached XP level 5. HP: 18/28 MP: 0/14
  2810 | D:3      | Learned a level 5 spell: Lightning Bolt
  3129 | D:3      | Reached skill level 5 in Spellcasting
  3130 | D:3      | Slain by a hound

Vault maps used:
D:1:      minmay_arrival_split_and_join
D:2:      first_bread
D:3:      hangedman_decor_points, uniq_sigmund, uniq_iyjb

Skill      XL: |  1  2  3  4  5 |
---------------+----------------+-----
Conjurations   | 2 3 |  3.5
Spellcasting   | 4 5 |  5.1
Air Magic      | 4 |  4.6
Dodging        | |  2.4
Stealth        | |  2.4

Action                   |  1- 3 |  4- 6 || total
-------------------------+-------+-------++-------
Melee: Spear             |     2 |       ||     2
       Dagger            |       |     4 ||     4
 Cast: Shock             |    78 |    59 ||   137
       Repel Missiles    |     1 |       ||     1
       Swiftness         |       |     1 ||     1
       Static Discharge  |       |     1 ||     1
  Use: Scroll            |     7 |       ||     7
       Potion            |       |     2 ||     2
 Stab: Sleeping          |     1 |       ||     1
  Eat: Chunk             |     4 |     3 ||     7
Armor: Robe              |     3 |     2 ||     5
Dodge: Dodged            |    22 |    13 ||    35
       Deflected         |     4 |       ||     4
